 Dungeon Crawl Stone Soup version 0.26-a0-301-g59b798a (webtiles) character file.

Game seed: 4421323498186425492

140 varedna the Skirmisher (level 5, 0/33 HPs)
             Began as a Gargoyle Fighter on July 15, 2020.
             Was an Initiate of Okawaru.
             Slain by Natasha (3 damage)
             ... on level 2 of the Dungeon.
             The game lasted 00:12:15 (1406 turns).

varedna the Skirmisher (Gargoyle Fighter)           Turns: 1406, Time: 00:12:15

Health: 0/33       AC: 11    Str: 18 (21) XL:     5   Next: 23%
Magic:  6/6        EV:  7    Int:  6 (8)  God:    Okawaru [......]
Gold:   77         SH:  8    Dex:  6 (9)  Spells: 4/4 levels left

rFire    . . .     SeeInvis .   a - +0 flail
rCold    . . .     Faith    .   c - +0 kite shield
rNeg     + . .     Spirit   .   b - +0 scale mail
rPois    ∞         Reflect  .   (no helmet)
rElec    +         Harm     .   (no cloak)
rCorr    .                      (no gloves)
MR       .....                  (no boots)
Stlth    ..........             (no amulet)
HPRegen  0.11/turn              (no ring)
MPRegen  0.10/turn              (no ring)

@: slowed, very slow
A: negative energy resistance 1, electricity resistance, unbreathing,
petrification resistance, rot immunity, AC +4
a: Renounce Religion


You were on level 2 of the Dungeon.
You worshipped Okawaru.
Okawaru was noncommittal.
You visited 1 branch of the dungeon, and saw 2 of its levels.

You collected 77 gold pieces.

Inventory:

Hand Weapons
 a - a +0 flail (weapon)
Missiles
 e - 9 javelins
 h - 78 stones (quivered)
Armour
 b - a +0 scale mail (worn)
 c - a +0 kite shield (worn)
Scrolls
 g - a scroll of fear {unknown}
 i - a scroll of identify {unknown}
 j - a scroll of remove curse {unknown}
Potions
 d - a potion of might
 f - a potion of resistance


   Skills:
 + Level 4.0 Fighting
 + Level 2.7 Maces & Flails
 + Level 1.2 Throwing
 + Level 4.0 Armour
 + Level 0.8 Stealth
 + Level 4.0 Shields
 * Level 1.4 Invocations


You had 4 spell levels left.
You didn't know any spells.
Your spell library was empty.

Dungeon Overview and Level Annotations

Branches:
Dungeon (2/15)

Altars:
Okawaru

Annotations:
D:2 Natasha


Innate Abilities, Weirdness & Mutations

You are resistant to torment.
Your stone body is resilient. (AC +4)
You are immune to poison.
You resist negative energy. (rN+)
You are resistant to electric shocks. (rElec)
You can survive without breathing.
You are immune to petrification.
You are immune to rotting.


Message History

The hobgoblin hits you but does no damage.
Natasha stares at you and mumbles some strange words.
You resist with some effort.
Your shield and scale mail prevent you from hitting Natasha.
Natasha is lightly wounded.
You block the hobgoblin's attack.
The hobgoblin hits you but does no damage.
Natasha closely misses you.
The hobgoblin hits you but does no damage.
You block the hobgoblin's attack. Natasha claws you.
* * * LOW HITPOINT WARNING * * *
You closely miss Natasha.
Natasha is lightly wounded.
The hobgoblin barely misses you.
The hobgoblin hits you but does no damage.
You block Natasha's attack. You block the hobgoblin's attack.
The hobgoblin hits you.
* * * LOW HITPOINT WARNING * * *
Natasha claws you.
You die...

#.##..#.....#..#
#.....##...##..# ..
...##...........#
#.# ########.....##
# #.# ####### #.#
##.##
##########...#####
.....#.......gh@g#
####....##†..###g#
#...........#.g.g#
#.##....###.#g##.#
#.##.#.##
#.#.##.#######
#.##.#.#
#....#........
#.##.#.#
##.#g.#.#######
##.##.#.###.....#(#
....[.#.##......#.#
#


You could see Natasha, 3 hobgoblins and a goblin.

Vanquished Creatures
  Natasha (twice) (D:2)
  Robin (D:2)
  3 adders (D:2)
  An ooze (D:2)
  2 worms (D:2)
  2 leopard geckos (D:2)
  4 ball pythons
  8 bats
  A giant cockroach (D:2)
  9 goblins
  3 hobgoblins (D:1)
  2 frilled lizards
  4 kobolds
  6 rats (D:2)
48 creatures vanquished.

Notes
Turn   | Place    | Note
-------+----------+-------------------------------------------
     0 | D:1      | varedna the Gargoyle Fighter began the quest for the Orb.
     0 | D:1      | Reached XP level 1. HP: 14/14 MP: 1/1
   106 | D:1      | Reached XP level 2. HP: 12/19 MP: 2/2
   899 | D:2      | Reached XP level 3. HP: 22/23 MP: 3/3
  1011 | D:2      | Found an iron altar of Okawaru.
  1033 | D:2      | Became a worshipper of Warmaster Okawaru
  1041 | D:2      | Noticed Natasha
  1047 | D:2      | Killed Natasha
  1047 | D:2      | Reached XP level 4. HP: 20/29 MP: 4/4
  1322 | D:2      | Reached skill level 1 in Throwing
  1330 | D:2      | Reached skill level 1 in Invocations
  1356 | D:2      | Noticed Natasha
  1366 | D:2      | Killed Natasha
  1366 | D:2      | Reached XP level 5. HP: 14/33 MP: 5/5
  1386 | D:2      | Noticed Robin
  1398 | D:2      | Killed Robin
  1399 | D:2      | Noticed Natasha
  1406 | D:2      | Slain by Natasha

Illustrated notes

Levels and vault maps discovered:
D:1:      ebering_trefoil_twist, layout_loops_ring
D:2:      minmay_angry_zag, layout_loops_ring, okawaru_gym_becter, uniq_robin,
          uniq_natasha

Skill      XL: |  1  2  3  4 |
---------------+-------------+-----
Throwing       | 1 |  1.2
Invocations    | 1 |  1.4
Fighting       | 4 |  4.0
Armour         | 4 |  4.0
Shields        | 4 |  4.0
Maces & Flails | |  2.7
Stealth        | |  0.8

Action                   |  1- 3 |  4- 6 || total
-------------------------+-------+-------++-------
Melee: Flail             |   100 |    64 ||   164
Throw: Stone             |    22 |    26 ||    48
       Javelin           |     3 |       ||     3
  Use: Potion            |       |     1 ||     1
Armor: Scale mail        |    49 |    53 ||   102
Dodge: Dodged            |    51 |    34 ||    85
Block: Kite shield       |    51 |    59 ||   110

Table legend:
 A = Non-vault XP
 B = Vault XP
 C = Vault XP percentage of total XP
 D = Non-vault monster count
 E = Vault monster count
 F = Vault count percentage of total count
                 A         B        C        D         E       F
            +---------+---------+-------+---------+---------+-------
      Total |     144 |      57 |  28.4 |      42 |       6 |  12.5
            +---------+---------+-------+---------+---------+-------
        D:1 |      28 |       0 |   0.0 |      17 |       0 |   0.0
        D:2 |     116 |      57 |  32.9 |      25 |       6 |  19.4
            +---------+---------+-------+---------+---------+-------
